 Dungeon Crawl Stone Soup version 0.20.1-1-g8b1a95d (console) character file.

70 hilaritas the Conjurer (level 4, -1/30 HPs)
             Began as a Formicid Conjurer on Sept 9, 2017.
             Slain by an orc wizard
             ... wielding a +0 dagger
              (3 damage)
             ... on level 3 of the Dungeon.
             The game lasted 00:05:43 (2602 turns).

hilaritas the Conjurer (Formicid Conjurer)          Turns: 2602, Time: 00:05:44

Health: -1/30      AC:  3    Str: 12    XL:     4   Next: 44%
Magic:  0/7        EV: 12    Int: 16    God:
Gold:   57         SH:  0    Dex: 11    Spells: 0/7 levels left

rFire    . . .     SeeInvis +   l - +0 whip
rCold    . . .     Gourm    .   (no shield)
rNeg     . . .     Faith    .   a - +0 robe
rPois    .         Spirit   .   (helmet unavailable)
rElec    .         Reflect  .   (no cloak)
rCorr    .         Harm     .   f - +0 pair of gloves
MR       .....                  (no boots)
Stlth    ++........             (no amulet)
Regen    0.1/turn               (no ring)
MPRegen  0.1/turn               (no ring)

@: no status effects
A: permanent stasis, dig shafts and tunnels, four strong arms, antennae 3
a: Dig, Shaft Self


You were on level 3 of the Dungeon.
You were hungry.

You visited 1 branch of the dungeon, and saw 3 of its levels.

You collected 57 gold pieces.

Inventory:

Hand Weapons
 l - a +0 whip (weapon)
Missiles
 o - 3 stones (quivered)
Armour
 a - a +0 robe (worn)
 f - a +0 pair of gloves (worn)
Scrolls
 d - 2 scrolls of identify {unknown}
 i - a scroll of random uselessness {unknown}
 n - a scroll of blinking {unknown}
Potions
 e - a potion of lignification {unknown}
 h - a potion of magic {unknown}
 j - a potion of haste
Books
 b - a book of Conjurations

   Spells                             Type                      Level
   a - Magic Dart                     Conjuration                  1
   b - Searing Ray                    Conjuration                  2
   c - Dazzling Spray                 Conjuration/Hexes            3
   d - Fulminant Prism                Conjuration/Hexes            4
   e - Force Lance                    Conjuration/Translocation    4
   f - Iskenderun's Mystic Blast      Conjuration                  4
Comestibles
 c - 2 bread rations
 g - 2 royal jellies
 k - 3 fruits
 m - 2 meat rations


   Skills:
 - Level 1.7 Dodging
 - Level 2.4 Stealth
 * Level 2.4 Spellcasting
 - Level 5.0 Conjurations


You couldn't memorise any spells.
You knew the following spells:

 Your Spells              Type           Power        Failure   Level  Hunger
a - Magic Dart            Conj           ###.         2%          1    #......
b - Searing Ray           Conj           ###...       3%          2    ###....
c - Iskenderun's Mystic   Conj           ###.....     26%         4    #####..


Dungeon Overview and Level Annotations

Branches:
Dungeon (3/15)

Altars:


Innate Abilities, Weirdness & Mutations

You cannot be hasted, slowed, berserked, paralysed or teleported.
You can dig through walls and to a lower floor.
Your four strong arms can wield two-handed weapons with a shield.
You have a pair of large antennae on your head. (SInv)


Message History

You hit the orc wizard but do no damage.
The orc wizard is almost dead.
The orc wizard gestures at you while chanting.
The magic dart hits you!
You barely miss the orc wizard.
The orc wizard is almost dead.
The orc wizard casts a spell at you. The puff of flame hits you!
You hit the orc wizard.
The orc wizard is almost dead.
The orc wizard hits you with a dagger.
* * * LOW HITPOINT WARNING * * *
You closely miss the orc wizard.
The orc wizard is almost dead.
The orc wizard hits you with a dagger.
* * * LOW HITPOINT WARNING * * *
It was a potion of haste.
Your stasis prevents you from being hasted.
The orc wizard hits you with a dagger.
You die...

#### #.. #.###
#@#.. #o#.# #w#.#
#S#.# #)#.#
######.#.#####.#
..w..............
#######.#.#####.
#.#..# ..#..##
...#...#


You could see a worm, an orc wizard (invisible) and an adder.

Vanquished Creatures
  2 adders (D:2)
  A worm (D:2)
  3 dart slugs
  A leopard gecko (D:2)
  2 orcs (D:3)
  5 bats
  3 giant cockroaches
  5 hobgoblins
  A quokka (D:2)
  3 frilled lizards (D:2)
  4 goblins
  4 kobolds (D:2)
  4 rats (D:2)
38 creatures vanquished.

Notes
Turn   | Place    | Note
-------+----------+-------------------------------------------
     0 | D:1      | hilaritas the Formicid Conjurer began the quest for the Orb.
     0 | D:1      | Reached XP level 1. HP: 13/13 MP: 3/3
   484 | D:1      | Reached skill level 4 in Conjurations
   484 | D:1      | Reached XP level 2. HP: 19/19 MP: 0/5
   590 | D:1      | Learned a level 2 spell: Searing Ray
  1266 | D:2      | Reached XP level 3. HP: 24/24 MP: 4/6
  1933 | D:2      | Reached XP level 4. HP: 30/30 MP: 1/7
  2136 | D:2      | Reached skill level 5 in Conjurations
  2142 | D:2      | Learned a level 4 spell: Iskenderun's Mystic Blast
  2602 | D:3      | Slain by an orc wizard

Skill      XL: |  1  2  3  4 |
---------------+-------------+-----
Conjurations   | 4 5 |  5.0
Dodging        | |  1.7
Stealth        | |  2.4
Spellcasting   | |  2.4

Action                   |  1- 3 |  4- 6 || total
-------------------------+-------+-------++-------
Melee: Club              |    20 |       ||    20
       Whip              |       |    14 ||    14
 Cast: Magic Dart        |    67 |    17 ||    84
       Searing Ray       |       |     2 ||     2
  Use: Potion            |       |     1 ||     1
  Eat: Chunk             |     4 |     2 ||     6
Armor: Robe              |     2 |     2 ||     4
Dodge: Dodged            |    18 |     5 ||    23
